 Dungeon Crawl Stone Soup version 0.30-a0-4-ga7cffc901d (webtiles) character file.

Game seed: 16201876315033124448

37 siradein the Trooper (level 3, -6/29 HPs)
             Began as a Demonspawn Fighter on Aug 20, 2022.
             Mangled by Sigmund
             ... wielding a +0 scythe
              (8 damage)
             ... on level 2 of the Dungeon.
             The game lasted 00:02:52 (1591 turns).

siradein the Trooper (Demonspawn Fighter)           Turns: 1591, Time: 00:02:53

Health: -6/29      AC: 11    Str: 16    XL:     3   Next: 23%
Magic:  3/3        EV:  4    Int: 11    God:
Gold:   34         SH:  0    Dex: 12    Spells: 2/2 levels left

rFire   . . .      SeeInvis .    (no weapon)
rCold   . . .      Faith    .    (no shield)
rNeg    . . .      Spirit   .    k - +0 plate armour
rPois   .          Reflect  .    (helmet restricted)
rElec   .          Harm     .    (no cloak)
rCorr   .          Rampage  .    (no gloves)
Will    .....                    (no boots)
Stlth   ..........               (no amulet)
HPRegen 0.09/turn                (no ring)
MPRegen 0.08/turn                (no ring)

@: no status effects
A: horns 1, demonic touch 1
a: no special abilities


You were on level 2 of the Dungeon.
You visited 1 branch of the dungeon, and saw 2 of its levels.

You collected 34 gold pieces.

Inventory:

Armour
 c - a +0 buckler
 k - a +0 plate armour (worn)
Scrolls
 a - a scroll of fog {unknown}
 b - a scroll of vulnerability {unknown}
 i - 3 scrolls of fear {unknown}
 j - 2 scrolls of teleportation {unknown}
 l - a scroll of identify {unknown}
Potions
 d - a potion of might
 e - a potion of invisibility {unknown}
 f - 2 potions of heal wounds {unknown}
 g - 3 potions of mutation {unknown}
 h - a potion of degeneration {unknown}
 m - a potion of curing {unknown}


   Skills:
 + Level 3.3 Fighting
 - Level 2.0 Polearms
 + Level 3.0 Armour
 - Level 3.0 Shields
 + Level 0.8 Unarmed Combat


You had 2 spell levels left.
You didn't know any spells.
Your spell library contained the following spells:

 Spells                   Type           Power      Damage    Failure   Level
 Sting                    Tmut/Pois      0%         1d3       100%        1
 Poisonous Vapours        Pois/Air       0%         N/A       100%        2
 Olgreb's Toxic Radiance  Pois           0%         N/A       100%        4


Dungeon Overview and Level Annotations

Branches:
Dungeon (2/15)

Altars:

Annotations:
D:2 Sigmund


Innate Abilities, Weirdness & Mutations

You have a pair of small horns on your head.
Your touch may inflict minor irresistible damage on your foes.


Message History

Found 11 gold pieces.
You closely miss Sigmund. Your headbutt misses Sigmund.
Your touch misses Sigmund.
Sigmund casts a spell.
Sigmund flickers and vanishes!
Deactivating autopickup; reactivate with Ctrl-A.
The kobold hits you but does no damage.
You barely miss the kobold.
You hear some strange, mumbled words.
A magic dart appears from out of thin air!
The magic dart hits you. The kobold barely misses you.
You hit the kobold but do no damage. Something hits you!
The kobold hits you but does no damage.
You hit the kobold but do no damage. You hit the kobold but do no damage.
The kobold hits you but does no damage. Something hits you.
You are too injured to fight recklessly!
You are too injured to fight recklessly!
You barely miss something. Your headbutt misses something.
The kobold hits you but does no damage. Something hits you but does no damage.
You barely miss something. The kobold hits you but does no damage.
You miss something. The kobold hits you but does no damage.
Something hits you but does no damage.
You miss something.
The kobold hits you with a +2 vampiric dagger.
* * * LOW HITPOINT WARNING * * *
Something hits you but does no damage.
You closely miss something. Your touch misses something.
The kobold hits you with a +2 vampiric dagger.
* * * LOW HITPOINT WARNING * * *
You barely miss something. Your touch misses something.
Something hits you but does no damage. The kobold hits you but does no damage.
You closely miss something. The kobold hits you but does no damage.
Something hits you.
* * * LOW HITPOINT WARNING * * *
You hit something but do no damage. Your headbutt misses something.
You touch something!
The kobold barely misses you.
You hit something but do no damage. The kobold barely misses you.
Something hits you!
You die...

###########
#.........#
#.........#
#.........#
#....<....#
#.........#
##....^....#
#.....@{...#
..........K...#
.####....<....#
#########.<.$
###.


You could see a kobold.

Vanquished Creatures
  A dart slug (D:1)
  2 ball pythons (D:1)
  3 endoplasms (D:1)
  2 giant cockroaches (D:1)
  A goblin (D:1)
  4 hobgoblins (D:1)
  6 jackals (D:1)
  A quokka (D:1)
  5 bats (D:1)
  A frilled lizard (D:1)
  2 kobolds (D:1)
  2 rats (D:1)
30 creatures vanquished.

Notes
Turn   | Place    | Note
-------+----------+-------------------------------------------
     0 | D:1      | siradein the Demonspawn Fighter began the quest for the
                  | Orb.
     0 | D:1      | Reached XP level 1. HP: 18/18 MP: 1/1
   169 | D:1      | Discovered your monstrous ancestry.
   169 | D:1      | Gained mutation: Your touch may inflict minor irresistible
                  | damage on your foes. [demonic ancestry]
   169 | D:1      | Reached XP level 2. HP: 24/24 MP: 2/2
   936 | D:1      | Gained mutation: You have a pair of small horns on your
                  | head. [demonic ancestry]
   936 | D:1      | Reached XP level 3. HP: 17/29 MP: 3/3
  1201 | D:1      | Found a faded altar of an unknown god.
  1573 | D:2      | Noticed Sigmund
  1591 | D:2      | Mangled by Sigmund

Illustrated notes

Levels and vault maps discovered:
D:1:      minmay_arrival_up_and_down, layout_loops_ring,
          dilly_ecumenical_altar_fadedgnrine
D:2:      layout_rooms, minmay_quantized, uniq_sigmund

Skill      XL: |  1  2 |
---------------+-------+-----
Polearms       | 2 |  2.0
Shields        | 3 |  3.0
Armour         | 3 |  3.0
Fighting       | |  3.3
Unarmed Combat | |  0.8

Action                   || total
-------------------------++-------
Melee: Trident           ||    23
       Unarmed           ||   198
       Headbutt          ||     5
       Touch             ||     1
Armor: Scale mail        ||    86
       Plate armour      ||    59
Dodge: Dodged            ||    71
Block: Buckler           ||    35

Table legend: (Time is in decaauts)
 A = Elapsed time spent in this place.
 B = Non-inter-level travel time spent in this place.
 C = Inter-level travel time spent in this place.
 D = Time resting spent in this place.
 E = Time spent auto-exploring this place.
 F = Levels seen in this place.
 G = Mean time per level.
                   A        B        C        D        E       F      G
               +--------+--------+--------+--------+--------+-----+--------+
         Total |   1603 |   1530 |     73 |      0 |   1197 |   2 |  801.5 |
       Dungeon |   1603 |   1530 |     73 |      0 |   1197 |   2 |  801.5 |
               +--------+--------+--------+--------+--------+-----+--------+

Top non-repeatable levels by time:
     D:1: 1585 daAuts
     D:2: 17 daAuts
